← All builds
Geo sea / Armada / Economy first / OBSERVED BUILD

Standard geo sea

Armada Geo sea build order · Supreme Isthmus

The role's baseline: bot lab then shipyard in the cove, early destroyer and submarine to contest the sea, with geothermal powering the economy as the game transitions into a naval/amphibious mix.

Usually shipyard in the cove (89%)

#naval #eco · 1349 distinct matches · 173 players · 78% of Armada Geo sea games · team won 55% of 1504 · Recently observed

HOW TO PLAY IT

Key timing: Shipyard by 3:12

  1. Open 3 mex and wind, then drop Bot Lab by 1:12.
  2. Build Shipyard in the cove to start the naval contest.
  3. Pump submarine then destroyer to contest enemy sea entry.
  4. Add geothermal powerplant to fund the economy transition.
  5. Upgrade to Advanced Metal Extractor as eco scaling finishes.

Phase by phase

TYPICAL OF ITS 1349 GAMES
  1. 1
  2. 2
  3. 3
  4. 4
PLAY THE OPENING

Follow the example game's first 6:00 step by step: what to build now, what comes next, and where it goes. At 1× it keeps pace with your own game.

  1. 1

    Up to the Bot Lab

    Economy
    • Metal Extractor3Mex
    • Wind Turbine3Wind
    Order
    1. Bot LabBot Lab after 3 mex, 3 winddone ~1:12, middle half 1:06–1:18

    Some games also: wind for allies (46%)

    By 0:55 in all: 3 mex · 3 wind

    The example game in this phase · 3 steps
    1. Mex ×3
    2. Wind ×4
    3. Bot LabBot Labdone 1:12 · typical 1:12
  2. 2

    Bot Lab to Shipyard

    Economy
    • Metal Extractor1Mex
    • Wind Turbine1Wind
    Order
    1. ShipyardShipyard after 4 mex, 4 winddone ~3:11, middle half 2:48–3:37
    Builders
    • Construction Bot3 Con bot
    • Lazarus2 Lazarus

    Some games also: pawn (42%) · con turret (39%) · crossbow (39%)

    By 2:47 in all: 4 mex · 4 wind

    The example game in this phase · 5 steps
    1. Construction BotCon bot
    2. LazarusLazarus ×2
    3. Mex
    4. Construction BotCon bot
    5. ShipyardShipyarddone 2:31 · typical 3:11
  3. 3

    Shipyard to 5:00

    Economy
    • Metal Extractor4Mex
    • Wind Turbine2Wind
    Order
    1. Bot LabEat Bot Lab
    Builders
    • Construction Ship1 Con ship
    Army
    • Dolphin3 Dolphin
    • Skater1 Skater
    Other
    • Radar Tower1 Radar Tower

    Some games also: destroyer (48%) · Sentry (44%) · submarine (44%) · converter (33%) · con turret (32%)

    By 5:00 in all: 8 mex · 7 wind · 1 energy storage · 1 con turret

    The example game in this phase · 29 steps
    1. Construction ShipCon ship
    2. Mex
    3. Tidal
    4. Construction ShipCon ship
    5. Mex
    6. SkaterSkater
    7. Naval Construction Turret
    8. Mex
    9. DolphinDolphin
    10. Energy storage
    11. Mex ×2
    12. DolphinDolphin
    13. Radar TowerRadar Tower
    14. DolphinDolphin
    15. Mex
    16. DolphinDolphin
    17. SentrySentry
    18. DolphinDolphin
    19. Mex
    20. CorsairDestroyerdone 4:35 · typical 5:39
    21. Radar TowerRadar Tower
    22. Naval Radar / Sonar TowerNaval Radar / Sonar Tower
    23. SentrySentry
    24. Con turret
    25. Construction ShipCon ship
    26. Naval Radar / Sonar TowerNaval Radar / Sonar Tower
    27. Construction ShipCon ship
    28. SkaterSkater
    29. NettleNettle
  4. 4

    5:00 to 10:00

    Economy
    • Metal Extractor2Mex
    • Wind Turbine12Wind
    • Energy Converter3Converter
    Builders
    • Construction Turret1 Con turret
    • Grim Reaper1 Grim Reaper
    • Construction Ship1 Con ship
    Army
    • Sentry1 Sentry
    • Dolphin4 Dolphin
    • Skater2 Skater
    • Corsair2 Destroyer

    Some games also: Harpoon (42%) · frigate (42%) · geo (41%) · Naval Construction Turret (35%) · submarine (31%)

    By 10:00 in all: 11 mex · 20 wind · 1 geo · 4 converter · 1 energy storage · 2 con turret

    The example game in this phase · 229 steps
    1. DolphinDolphin ×2
    2. Naval Radar / Sonar TowerNaval Radar / Sonar Tower
    3. DolphinDolphin
    4. Bot LabEat Bot Labreclaimed for its metal
    5. DolphinDolphin ×2
    6. CorsairDestroyer
    7. HarpoonHarpoon
    8. Dragon's TeethDragon's Teeth
    9. Wind
    10. Dragon's TeethDragon's Teeth
    11. Construction ShipCon ship
    12. Dragon's TeethDragon's Teeth
    13. Wind
    14. Dragon's TeethDragon's Teeth
    15. Construction ShipCon ship
    16. SentrySentry
    17. Dragon's TeethDragon's Teeth ×2
    18. Wind
    19. Dragon's TeethDragon's Teeth
    20. SkaterSkater
    21. Dragon's TeethDragon's Teeth
    22. Wind
    23. Dragon's TeethDragon's Teeth
    24. DolphinDolphin
    25. Dragon's TeethDragon's Teeth
    26. Converter
    27. DolphinDolphin
    28. Dragon's TeethDragon's Teeth
    29. Wind
    30. Dragon's TeethDragon's Teeth
    31. DolphinDolphin
    32. Dragon's TeethDragon's Teeth
    33. Wind
    34. DolphinDolphin
    35. Dragon's TeethDragon's Teeth
    36. SentrySentry
    37. Dragon's TeethDragon's Teeth
    38. Wind
    39. DolphinDolphin
    40. Dragon's TeethDragon's Teeth
    41. Wind
    42. CorsairDestroyer
    43. Dragon's TeethDragon's Teeth
    44. Converter
    45. Dragon's TeethDragon's Teeth ×3
    46. Wind
    47. Dragon's TeethDragon's Teeth
    48. Wind
    49. Dragon's TeethDragon's Teeth ×2
    50. Wind
    51. Construction ShipCon ship
    52. Dragon's TeethDragon's Teeth
    53. Wind
    54. Dragon's TeethDragon's Teeth
    55. Construction ShipCon ship
    56. Dragon's TeethDragon's Teeth
    57. Converter
    58. SkaterSkater
    59. Grim ReaperGrim Reaper
    60. Dragon's TeethDragon's Teeth ×2
    61. Grim ReaperGrim Reaper
    62. Wind ×2
    63. Grim ReaperGrim Reaper
    64. Wind
    65. Grim ReaperGrim Reaper
    66. Con turret
    67. Converter
    68. SkaterSkater
    69. Con turret
    70. DolphinDolphin ×2
    71. Wind
    72. DolphinDolphin
    73. Wind ×2
    74. Vehicle PlantVehicle Plantdone 9:18
    75. Advanced Metal ExtractorT2 mexdone 9:48 · typical 9:21
    76. Mex
    77. Wind ×2
    78. Naval Radar / Sonar TowerNaval Radar / Sonar Tower
    79. Wind
    80. Construction VehicleCon vehicle
    81. DolphinDolphin
    82. Converter
    83. Wind ×2
    84. ShipyardEat Shipyardreclaimed for its metal
    85. Naval Metal Storage
    86. Wind
    87. Construction VehicleCon vehicle
    88. Mex
    89. Wind ×3
    90. Converter
    91. Con turret
    92. Converter
    93. Construction VehicleCon vehicle
    94. Wind
    95. Construction VehicleCon vehicle
    96. Wind ×2
    97. Naval Metal Storage
    98. Construction VehicleCon vehicle
    99. Advanced Metal ExtractorT2 mex
    100. Wind
    101. Converter
    102. Wind
    103. Tidal ×2
    104. Wind
    105. Tidal
    106. Wind
    107. Tidal
    108. Converter
    109. Tidal
    110. Advanced Metal ExtractorT2 mex
    111. Converter
    112. Tidal
    113. Con turret
    114. Tidal ×2
    115. Wind
    116. Tidal
    117. Wind ×2
    118. Tidal
    119. Wind
    120. Naval Construction Turret
    121. Wind ×2
    122. Naval NettleNaval Nettle
    123. Wind
    124. Naval Construction Turret
    125. Converter
    126. Wind
    127. Naval Construction Turret
    128. Wind
    129. Naval NettleNaval Nettle
    130. Wind
    131. Naval Construction Turret
    132. Converter
    133. Wind ×2
    134. Naval Construction Turret
    135. Converter
    136. Naval NettleNaval Nettle
    137. Naval Construction Turret
    138. Wind ×2
    139. Naval Construction Turret
    140. Wind
    141. Naval NettleNaval Nettle
    142. Advanced ShipyardAdvanced Shipyarddone 11:37
    143. Wind ×3
    144. Con turret
    145. Wind
    146. Advanced Metal ExtractorT2 mex
    147. Converter
    148. Con turret
    149. Wind
    150. Con turret
    151. Advanced Construction SubAdvanced Construction Sub
    152. Wind
    153. Converter ×2
    154. Wind
    155. VoyagerVoyager
    156. Con turret
    157. Wind
    158. VoyagerVoyager
    159. Naval Construction Turret
    160. Wind ×2
    161. Naval Construction Turret
    162. VoyagerVoyager
    163. Wind ×4
    164. Naval Construction Turret
    165. Naval Advanced Metal ExtractorNaval Advanced Metal Extractordone 12:32
    166. Wind ×2
    167. Advanced Metal ExtractorT2 mex
    168. Naval Construction Turret
    169. Wind
    170. VoyagerVoyager
    171. Wind ×2
    172. Con turret
    173. Wind
    174. Naval Radar / Sonar TowerNaval Radar / Sonar Tower
    175. Wind ×2
    176. Converter ×2
    177. DreadnoughtBattleshipdone 13:51
    178. Wind ×4
    179. Converter
    180. Wind
    181. Converter
    182. Wind
    183. Con turret
    184. Naval Advanced Metal ExtractorNaval Advanced Metal Extractor
    185. Converter
    186. Naval Radar / Sonar TowerNaval Radar / Sonar Tower
    187. Wind ×2
    188. ShipyardShipyarddone 13:12
    189. Wind ×2
    190. Advanced Geothermal PowerplantAdvanced Geothermal Powerplantnot finished by 15:00
    191. Wind ×4
    192. Grim ReaperGrim Reaper
    193. Wind ×4
    194. Converter ×2
    195. Wind ×2
    196. Converter
    197. Wind ×2
    198. SkaterSkater
    199. Wind ×7
    200. DolphinDolphin
    201. HarpoonHarpoon
    202. Converter
    203. Vehicle PlantEat Vehicle Plantreclaimed for its metal
    204. Wind ×2
    205. Naval Advanced Metal ExtractorNaval Advanced Metal Extractor
    206. Grim ReaperGrim Reaper
    207. Wind
    208. Con turret
    209. Wind
    210. LongbowMissile cruisernot finished by 15:00
    211. Wind
    212. Con turret ×4
    213. Wind
    214. Grim ReaperGrim Reaper
    215. Advanced Metal ExtractorT2 mex
    216. Con turret
    217. Wind
    218. Con turret
    219. Wind ×2
    220. Converter ×2
    221. Grim ReaperGrim Reaper
    222. Wind ×3
    223. Converter
    224. Naval Advanced Metal ExtractorNaval Advanced Metal Extractor
    225. Wind ×6
    226. Advanced Metal ExtractorT2 mex
    227. Wind ×3
    228. Converter
    229. Wind ×2

Counts are medians over the build's games: half of them build more, half fewer. The example game is _X_'s (41 OS, 14/10/2026); pick another.

Team trades

IN AT LEAST 30% OF ITS GAMES

You hand over

  • Wind Turbine2 Wind to Airfirst at 1:41 · in 64% of games

You get

  • Finch1 Finch from Airfirst at 1:53 · in 74% of games
  • Hercules1 Light transport from Airfirst at 2:04 · in 65% of games
  • Advanced Construction Bot1 T2 con bot from Techfirst at 7:43 · in 90% of games

How it plays out

Typical game of this build, running totals by minute

Metal produced

010k20k30k
0:005:0010:0015:00

metal

Enemy metal destroyed

05k10k
0:005:0010:0015:00

metal

Own metal lost

02.5k5k7.5k
0:005:0010:0015:00

metal

1504 games.

Show as table
ByMetal produced: This buildEnemy metal destroyed: This buildOwn metal lost: This build
1:0039500
2:0092800
3:00160000
4:002877040
5:00412619054
6:005518532295
7:007055993623
8:00872116921030
9:001057824611601
10:001280333632247
11:001538344203110
12:001846854653798
13:002177264294605
14:002537875495383
15:002896984516190
WHAT THE NUMBERS SAY

Standard Geo sea play wins slightly less than half the time but builds a strong metal base by 15:00 with moderate losses.

  • + Metal produced reaches 29210 by 15:00, well above Beach sea's early pace.
  • + Corsair (destroyer) makes up 34% of army, a clear naval focus.
  • − Own metal lost climbs to 6339 by 15:00 from sea skirmishes.
  • − Geothermal only completes in 58% of games, an inconsistent power spike.
THE EXAMPLE YOU ARE READING

_X_

41.2 OS · 14/10/2026

Open source match ↗

5 received units · includes a constructor
1538 metal received · 60157 energy received

Allied construction assistance is unknown. Timings are observations, not a promise of solo reproducibility.

Typical milestones

Bot Lab1:12Middle 50%: 1:06–1:18 · n=1462
Shipyard3:11Middle 50%: 2:48–3:37 · n=1484
Eel4:27Middle 50%: 3:45–5:37 · n=915
Corsair5:39Middle 50%: 4:56–6:38 · n=1384
Geothermal Powerplant7:52Middle 50%: 6:48–9:30 · n=947
Advanced Metal Extractor9:21Middle 50%: 8:39–10:10 · n=1316

Played most by

_X_134games of this buildJesterB66games of this buildOptimusprimenutt61games of this buildhaaven54games of this buildpyrothraxus51games of this build